AoeStats
← l4uchenk

Arabia

509785418Analyzed
1v1 RM · 5d ago on Sep 28, 2026· 23m 13s· 2 players
Game mode
Random Map
Map size
Tiny (2 player)
Population
200
Speed
Normal
Resources
Standard
Victory
Conquest
Starting age
Dark Age
Ending age
Imperial Age
RankedLock teamsTeams togetherTeam positionsShared explorationLock speedFull tech treeHidden civsTurbo modeCheats
Victory
Defeat
🇦🇷 Goths · Argentina
1256
+18
🇵🇾 Tatars · Paraguay
1305
-18
l4uchenk
1:50 Loom
9:47 Feudal Age
10:05 Man-at-Arms
19:22 Fletching
23:09 Castle Age
NTM.aoematias
6:12 Loom
9:16 Feudal Age
10:09 Double-Bit Axe
13:43 Wheelbarrow
12:54 Town Watch
20:04 Fletching
Connection lost

Rejoining the realm…

Still unreachable

The connection could not be restored.

Session expired

The server has moved on; the page needs a fresh start.